 Dungeon Crawl Stone Soup version 0.20-a0-640-g62ed22f (webtiles) character file.

23698 polly the Basher (level 13, 0/82 HPs)
             Began as a Gargoyle Fighter on Feb 12, 2017.
             Was the Champion of Okawaru.
             Slain by a hell hound (2 damage)
             ... on level 12 of the Dungeon.
             The game lasted 00:26:15 (10840 turns).

polly the Basher (Gargoyle Fighter)                Turns: 10840, Time: 00:26:16

Health: 0/82       AC: 36    Str: 23    XL:     13   Next: 8%
Magic:  12/13      EV:  6    Int: 13    God:    Okawaru [******]
Gold:   705        SH: 24    Dex: 10    Spells: 12/12 levels left

rFire    + . .     SeeInvis .   F - +4 flail (holy)
rCold    + . .     Gourm    .   n - +7 plate armour {ponderous}
rNeg     + . .     Faith    .   c - +1 large shield {AC+3}
rPois    ∞         Spirit   .   W - +0 helmet {Int+3}
rElec    +         Reflect  .   K - +0 cloak
rCorr    +         Harm     .   J - +0 pair of gloves
MR       ++...                  (no boots)
Stlth    ..........             x - amulet of regeneration
Regen    0.7/turn               i - ring of resist corrosion
MPRegen  0.2/turn               U - ring of protection from magic

@: about to teleport, resistant, slow
A: large bone plates 1, magic resistance 1, negative energy resistance 1,
electricity resistance, unbreathing, petrification resistance, rot immunity, AC
+9
a: Heroism, Finesse, Renounce Religion


You were on level 12 of the Dungeon.
You worshipped Okawaru.
Okawaru was exalted by your worship.
You were hungry.

You visited 1 branch of the dungeon, and saw 12 of its levels.
You also visited: Sewer.

You collected 705 gold pieces.

Inventory:

Hand Weapons
 F - a +4 flail of holy wrath (weapon)
Armour
 c - a +1 large shield of protection (worn)
 n - a +7 plate armour of ponderousness (worn)
 J - a +0 pair of gloves (worn)
 K - a +0 cloak (worn)
 W - a +0 helmet of intelligence (worn)
Jewellery
 h - an uncursed ring of positive energy
 i - a ring of resist corrosion (right hand)
 x - an amulet of regeneration (around neck)
 U - a ring of protection from magic (left hand)
Wands
 P - a wand of digging (9/24)
Scrolls
 b - 2 scrolls of enchant armour {unknown}
 e - 10 scrolls of remove curse
 k - 3 scrolls of teleportation
 l - 2 scrolls of recharging {unknown}
 m - 3 scrolls of noise {unknown}
 o - a scroll of amnesia {unknown}
 q - 7 scrolls of identify {unknown}
 t - a scroll of fog {unknown}
 u - 2 scrolls of immolation {unknown}
 y - 4 scrolls of fear {unknown}
 B - a scroll of blinking {unknown}
 D - 4 scrolls of magic mapping {unknown}
 H - a scroll of enchant weapon {unknown}
 M - a scroll of vulnerability {unknown}
 O - a scroll of torment {unknown}
Potions
 a - 2 potions of berserk rage {unknown}
 p - 4 potions of haste {unknown}
 r - a potion of resistance
 s - 2 potions of magic {unknown}
 z - 5 potions of flight
 E - a potion of experience {unknown}
 G - 2 potions of lignification {unknown}
 I - a potion of cancellation {unknown}
 L - a potion of ambrosia {unknown}
 N - 3 potions of mutation {unknown}
Books
 S - a book of Conjurations

   Spells                             Type                      Level
   a - Magic Dart                     Conjuration                  1
   b - Searing Ray                    Conjuration                  2
   c - Dazzling Spray                 Conjuration/Hexes            3
   d - Fulminant Prism                Conjuration/Hexes            4
   e - Force Lance                    Conjuration/Translocation    4
   f - Iskenderun's Mystic Blast      Conjuration                  4
Comestibles
 f - 5 bread rations
 C - 11 fruits
 Q - 3 royal jellies
 R - 3 meat rations


   Skills:
 + Level 10.0 Fighting
 + Level 13.1 Maces & Flails
 + Level 0.5 Throwing
 + Level 7.3 Armour
 + Level 6.1 Dodging
 - Level 1.6 Stealth
 + Level 12.5 Shields
 + Level 0.4 Invocations


You had 12 spell levels left.
You didn't know any spells.

Dungeon Overview and Level Annotations

Branches:
Dungeon (12/15)            Temple (0/1) D:5            Lair (0/6) D:11
    Orc (0/2) D:12

Altars:
Ashenzari
Fedhas
Gozag
Makhleb
Okawaru
Qazlal
Ru
Sif Muna
Trog
Vehumet
Xom
Zin
The Shining One
Beogh

Shops:
D:5 ?   D:6 %   D:11 !


Innate Abilities, Weirdness & Mutations

You are resistant to torment.
Your stone body is resilient. (AC +9)
You are immune to poison.
You resist negative energy. (rN+)
You are resistant to electric shocks. (rElec)
You can survive without breathing.
You are immune to petrification.
You are immune to rotting.
You are partially covered in large bone plates. (SH +4)
You are resistant to hostile enchantments. (MR+)


Message History

You block the hell knight's attack. You block the hell hound's attack.
The hell knight gestures wildly while chanting.
The hell knight blinks!
Your shield and plate armour prevent you from hitting the hell knight.
The hell knight is almost dead.
You block the hell knight's attack. The hell hound breathes flames at you.
The blast of flame hits you! You resist.
* * * LOW HITPOINT WARNING * * *
The blast of flame hits the hell knight.
The hell knight completely resists.
The blast of flame hits the hell knight.
The hell knight completely resists.
The hell knight gestures at you while chanting.
The bolt of fire hits you! You resist.
* * * LOW HITPOINT WARNING * * *
The bolt of fire misses the hell hound.
The bolt of fire hits the hell knight.
The hell knight completely resists.
The bolt of fire misses the hell hound.
The hell hound bites you.
You die...

###############
#.........§...####
#................#
#..####§§≈§≈####.# #######
#..#......../..#.# #......
########..#.#########.#.# #......
#.........#.#hph@ppp#.#.###......
#.#.#####.#.#p#####h#.#.#.'......
#.#.......#.≈.# #.#...#†.[...
'.#######.#.≈p# #.#..##......
#.........#.§p# #.#.###......
######'##.#.#h# #.#.# ###'###
#..##.#.#.(. #.#.# #..#
####.###.#.#########.#.# ##.#
#....##..#......†....#.# #.#


You could see 5 hell knights and 3 hell hounds.

Vanquished Creatures
  Erolcha (D:9)
  The ghost of Thndr the Grappler, a journeyman TrMo of Dithmenos (D:11)
  Fannar (D:12)
  Harold (D:11)
  Erica (D:9)
  2 two-headed ogres (D:12)
  7 death yaks
  Nergalle (D:12)
  2 hell knights (D:12)
  Pikel (D:4)
  The ghost of SkyDiva the Poker, a novice CeFi (D:7)
  3 ugly things (D:10)
  A cyclops (D:10)
  2 manticores (D:12)
  Maurice (D:11)
  Joseph (D:9)
  Psyche (D:8)
  A gargoyle (D:12)
  A kobold demonologist (D:12)
  3 trolls
  A hornet (D:12)
  3 hippogriffs
  A shadow (D:12)
  2 wyverns (D:10)
  3 yaks (D:12)
  Edmund (D:4)
  2 soldier ants
  A water moccasin (D:7)
  6 orc warriors
  3 hell hounds (D:12)
  A black bear (D:11)
  Purgy (Sewer)
  5 ice beasts
  2 sky beasts
  2 phantoms
  8 ogres
  4 centaurs
  4 big kobolds
  5 bullfrogs
  Blork the orc (D:4)
  5 scorpions
  2 howler monkeys
  5 crimson imps
  A quasit (D:7)
  7 hounds
  3 bullfrog skeletons
  Crazy Yiuf (D:4)
  5 orc priests
  2 orc wizards (D:5)
  3 centaur skeletons
  4 iguanas
  7 worker ants
  Ijyb (D:3)
  A hound zombie (D:9)
  A worker ant zombie (D:9)
  4 gnolls (D:8)
  12 adders
  A shadow imp (D:9)
  An ooze (D:1)
  2 adder skeletons
  4 dart slugs
  5 leopard geckos
  42 orcs
  7 bats
  8 giant cockroaches
  5 goblins
  9 hobgoblins
  8 jackals (D:8)
  33 kobolds
  8 quokkas
  9 ball pythons
  13 frilled lizards
  A jackal skeleton (D:8)
  A leopard gecko skeleton (D:6)
  2 quokka skeletons
  A quokka zombie (D:9)
  3 rats
316 creatures vanquished.

Vanquished Creatures (others)
  A hound (D:4)
  An orc wizard (D:9)
  2 leopard geckos (D:4)
  A frilled lizard (D:4)
  A goblin (D:4)
  A kobold (D:4)
7 creatures vanquished.

Grand Total: 323 creatures vanquished

Notes
Turn   | Place    | Note
-------+----------+-------------------------------------------
     0 | D:1      | polly the Gargoyle Fighter began the quest for the Orb.
     0 | D:1      | Reached XP level 1. HP: 14/14 MP: 1/1
    50 | D:1      | Reached XP level 2. HP: 12/19 MP: 2/2
   415 | D:1      | Reached XP level 3. HP: 20/23 MP: 3/3
   937 | D:2      | Reached skill level 3 in Maces & Flails
  1150 | D:2      | Reached XP level 4. HP: 28/28 MP: 4/4
  1421 | D:2      | Found a faded altar of an unknown god.
  1633 | D:3      | Found a sacrificial altar of Ru.
  1634 | D:3      | Found a deep blue altar of Sif Muna.
  1745 | D:3      | Found a radiant altar of Vehumet.
  1872 | D:3      | Noticed Ijyb
  1881 | D:3      | Killed Ijyb
  1881 | D:3      | Reached XP level 5. HP: 33/33 MP: 5/5
  1889 | D:3      | Found a shimmering altar of Xom.
  1894 | D:3      | Found a burning altar of Makhleb.
  1905 | D:3      | Found an opulent altar of Gozag.
  1912 | D:3      | Found a bloodstained altar of Trog.
  1917 | D:3      | Found a glowing golden altar of the Shining One.
  1924 | D:3      | Found a shattered altar of Ashenzari.
  1929 | D:3      | Found a glowing silver altar of Zin.
  2249 | D:4      | Noticed Pikel
  2249 | D:4      | Noticed a slave
  2249 | D:4      | Noticed a slave
  2249 | D:4      | Noticed a slave
  2251 | D:4      | Noticed a slave
  2282 | D:4      | Killed Pikel
  2282 | D:4      | Reached skill level 5 in Maces & Flails
  2282 | D:4      | Reached skill level 1 in Dodging
  2282 | D:4      | Reached skill level 5 in Shields
  2282 | D:4      | Reached XP level 6. HP: 21/39 MP: 6/6
  2282 | D:4      | Reached XP level 7. HP: 24/44 MP: 7/7
  2452 | D:4      | Found a glowing drain.
  2465 | Sewer    | Entered a sewer
  2493 | Sewer    | Noticed Purgy
  2518 | Sewer    | Killed Purgy
  2518 | Sewer    | Reached skill level 5 in Armour
  2730 | D:4      | Found an iron altar of Okawaru.
  2730 | D:4      | Noticed Edmund
  2736 | D:4      | Noticed Blork the orc
  2742 | D:4      | Killed Edmund
  2755 | D:4      | Killed Blork the orc
  2755 | D:4      | Reached skill level 6 in Maces & Flails
  2755 | D:4      | Reached XP level 8. HP: 19/48 MP: 8/8
  2766 | D:4      | Became a worshipper of Warmaster Okawaru
  2871 | D:4      | You fall through a shaft!
  2871 | D:5      | Entered Level 5 of the Dungeon
  2990 | D:4      | Got an ichor-stained hand axe
  2991 | D:4      | Identified the +5 hand axe of Maisaag {chop, +Inv rElec rPois} (You found it on level 4 of the Dungeon)
  3292 | D:4      | Found a runed door.
  3408 | D:4      | Noticed Crazy Yiuf
  3415 | D:4      | Killed Crazy Yiuf
  3562 | D:5      | Found a blossoming altar of Fedhas.
  3564 | D:5      | Found a stormy altar of Qazlal.
  3674 | D:5      | Found Qusu's Magic Scroll Shoppe.
  3801 | D:5      | Reached skill level 5 in Fighting
  4006 | D:5      | Found a staircase to the Ecumenical Temple.
  4039 | D:5      | Reached * piety under Okawaru
  4285 | D:6      | Found Qusic's Food Shop.
  4383 | D:6      | Reached skill level 7 in Maces & Flails
  4407 | D:6      | Reached skill level 1 in Stealth
  4617 | D:6      | Reached XP level 9. HP: 54/54 MP: 9/9
  4869 | D:7      | Noticed SkyDiva's ghost (novice CeFi)
  4890 | D:7      | Reached skill level 8 in Maces & Flails
  4901 | D:7      | Killed SkyDiva's ghost
  4901 | D:7      | Reached ** piety under Okawaru
  4927 | D:7      | Gained mutation: You are frail. (-10% HP) [mutagenic meat]
  4928 | D:7      | Gained mutation: You are dopey. (Int -2) [mutagenic meat]
  4929 | D:7      | Lost mutation: You are frail. (-10% HP) [mutagenic meat]
  4930 | D:7      | Lost mutation: You are dopey. (Int -2) [mutagenic meat]
  4961 | D:7      | Reached *** piety under Okawaru
  5526 | D:8      | Noticed Psyche
  5534 | D:8      | Killed Psyche
  5534 | D:8      | Reached skill level 9 in Maces & Flails
  5534 | D:8      | Reached XP level 10. HP: 61/61 MP: 10/10
  5602 | D:8      | Reached **** piety under Okawaru
  6267 | D:9      | Noticed Joseph
  6279 | D:9      | Killed Joseph
  6423 | D:9      | Noticed Erolcha
  6438 | D:9      | Killed Erolcha
  6438 | D:9      | Reached ***** piety under Okawaru
  6438 | D:9      | Reached skill level 10 in Maces & Flails
  6673 | D:9      | Noticed Erica
  6687 | D:9      | Killed Erica
  6840 | D:10     | Entered Level 10 of the Dungeon
  7176 | D:10     | Noticed a cyclops
  7189 | D:10     | Killed a cyclops
  7189 | D:10     | Reached XP level 11. HP: 58/67 MP: 11/11
  7699 | D:11     | Noticed Harold
  7700 | D:11     | Noticed Maurice
  7723 | D:11     | Killed Harold
  7723 | D:11     | Received a gift from Okawaru
  7726 | D:11     | Killed Maurice
  7726 | D:11     | Reached skill level 11 in Maces & Flails
  7726 | D:11     | Reached skill level 5 in Dodging
  7726 | D:11     | Reached skill level 10 in Shields
  7799 | D:11     | Noticed Thndr's ghost (journeyman TrMo)
  7823 | D:11     | Killed Thndr's ghost
  7995 | D:11     | Noticed a death yak
  7997 | D:11     | Noticed a death yak
  7997 | D:11     | Noticed a death yak
  7998 | D:11     | Noticed a death yak
  7998 | D:11     | Found a staircase to the Lair.
  7998 | D:11     | Noticed a death yak
  7999 | D:11     | Noticed a death yak
  8000 | D:11     | Noticed a death yak
  8031 | D:10     | Killed a death yak
  8208 | D:10     | HP: 3/68 [death yak (20)]
  8232 | D:10     | Killed a death yak
  8387 | D:11     | Noticed a cyan ugly thing
  8392 | D:11     | Noticed a cyan ugly thing
  8401 | D:11     | Noticed a brown ugly thing
  8455 | D:10     | Killed a brown ugly thing
  8455 | D:10     | Reached ****** piety under Okawaru
  8473 | D:10     | Killed a red ugly thing
  8490 | D:10     | Gained mutation: You are resistant to hostile enchantments. (MR+) [mutagenic meat]
  8491 | D:10     | Gained mutation: You are partially covered in large bone plates. (SH +4) [mutagenic meat]
  8591 | D:10     | Killed a white ugly thing
  8694 | D:10     | Killed a death yak
  8694 | D:10     | Reached XP level 12. HP: 30/75 MP: 12/12
  8807 | D:10     | Killed a death yak
  8807 | D:10     | Reached skill level 12 in Maces & Flails
  8840 | D:10     | HP: 3/75 [death yak (9)]
  8846 | D:10     | Killed a death yak
  8846 | D:10     | Received a gift from Okawaru
  8856 | D:10     | Killed a death yak
  8861 | D:10     | Got a smoking shield {god gift}
  8872 | D:10     | Identified the +4 shield of Whack-A-Mole {rF+ Str+3} (Okawaru gifted it to you on level 10 of the Dungeon)
  9046 | D:11     | Killed a death yak
  9142 | D:11     | Found Xiunwel's Distillery.
  9279 | D:12     | Noticed a two-headed ogre
  9285 | D:12     | Killed a two-headed ogre
  9524 | D:12     | Noticed Fannar
  9560 | D:12     | Killed Fannar
  9675 | D:12     | Found a roughly hewn altar of Beogh.
  9676 | D:12     | Found a staircase to the Orcish Mines.
 10106 | D:12     | Noticed a soul eater
 10153 | D:12     | Noticed Nergalle
 10172 | D:12     | Killed Nergalle
 10183 | D:12     | Noticed a two-headed ogre
 10192 | D:12     | Killed a two-headed ogre
 10337 | D:12     | Noticed a hell knight
 10355 | D:12     | Killed a hell knight
 10355 | D:12     | Reached skill level 13 in Maces & Flails
 10399 | D:12     | Noticed a hell knight
 10402 | D:12     | Noticed a hell knight
 10403 | D:12     | Noticed a hell knight
 10561 | D:12     | Received a gift from Okawaru
 10601 | D:12     | Reached XP level 13. HP: 72/82 MP: 13/13
 10817 | D:12     | Reached skill level 10 in Fighting
 10840 | D:12     | HP: 2/82 [hell knight/bolt of fire (15)]
 10840 | D:12     | Slain by a hell hound

Vault maps used:
D:1:      mrwooster_arrival_statue, kennysheep_boxes
D:2:      chequers_ecumenical_altar_lobes
D:3:      vehumet_crystals, grunt_temple_overflow_octagram,
          grunt_temple_overflow_open, first_bread, kennysheep_generic_room_12,
          uniq_iyjb
D:4:      corexii_shack_village, portal_sewer_entry_f, okawaru_trees_1,
          uniq_blork_the_orc, uniq_edmund, uniq_crazy_yiuf_cottage, uniq_pikel
D:5:      grunt_temple_overflow_forces_of_nature,
          minmay_temple_entry_statues_fountains, serial_shops, kennysheep_mini
D:6:      serial_shops, shop
D:8:      uniq_psyche
D:9:      uniq_joseph, uniq_erolcha, uniq_erica
D:10:     kennysheep_windowed_goal
D:11:     dpeg_lair_monsters, serial_shops,
          nicolae_shop_temple_entry_statues_fountains, uniq_harold, uniq_maurice
D:12:     david_orc_5, minmay_rotating_lava, uniq_nergalle, uniq_fannar
Sewer:    sewer_co_purgy_island

Skill      XL: |  1  2  3  4  5  6  7  8  9 10 11 12 13 |
---------------+----------------------------------------+-----
Maces & Flails | 3 5 6 7 9 10 11 13 | 13.1
Shields        | 4 5 6 8 9 10 12 | 12.5
Fighting       | 4 5 6 7 8 9 10 | 10.0
Armour         | 4 5 6 7 |  7.3
Dodging        | 1 2 3 4 5 6 |  6.1
Stealth        | 1 |  1.6
Throwing       | |  0.5
Invocations    | |  0.4

Action                   |  1- 3 |  4- 6 |  7- 9 | 10-12 | 13-15 || total
-------------------------+-------+-------+-------+-------+-------++-------
Melee: Flail             |   148 |   110 |   382 |   843 |    69 ||  1552
Throw: Throwing net      |       |       |       |     4 |       ||     4
       Javelin           |       |       |       |     2 |       ||     2
Invok: Heroism           |       |       |       |     3 |     2 ||     5
Evoke: Wand              |       |       |       |     3 |     1 ||     4
  Use: Potion            |       |     2 |     1 |    16 |     4 ||    23
       Scroll            |       |       |     2 |       |     1 ||     3
 Stab: Invisible         |       |       |     1 |       |       ||     1
       Sleeping          |       |       |       |     1 |       ||     1
       Held in net/web   |       |       |       |     4 |       ||     4
  Eat: Chunk             |       |     3 |     9 |    19 |     2 ||    33
       Meat ration       |       |       |     1 |       |       ||     1
       Royal jelly       |       |       |     1 |       |       ||     1
Armor: Scale mail        |   105 |    31 |       |       |       ||   136
       Chain mail        |       |    36 |    73 |       |       ||   109
       Troll leather arm |       |       |   123 |   151 |       ||   274
       Plate armour      |       |       |       |    72 |    34 ||   106
Dodge: Dodged            |    60 |    15 |   125 |   275 |    14 ||   489
Block: Shield            |    85 |    63 |   229 |   608 |       ||   985
       Large shield      |       |       |       |    10 |    84 ||    94
